 Dungeon Crawl Stone Soup version 0.25-a0-890-g62861fb195 (webtiles) character file.

Game seed: 14686386682880985913, levelgen mode: deterministic

1770 mortelune the Archer (level 8, -3/73 HPs)
             Began as a Centaur Hunter on May 2, 2020.
             Was a Believer of Okawaru.
             Slain by Harold
             ... wielding a +0 hand axe
              (17 damage)
             ... on level 6 of the Dungeon.
             The game lasted 00:21:56 (10107 turns).

mortelune the Archer (Centaur Hunter)              Turns: 10107, Time: 00:21:57

Health: -3/73      AC:  7    Str: 17    XL:     8   Next: 80%
Magic:  7/8        EV:  7    Int: 10    God:    Okawaru [**....]
Gold:   216        SH:  3    Dex: 10    Spells: 7/7 levels left

rFire    . . .     SeeInvis .   b - +1 trident
rCold    . . .     Gourm    .   (no shield)
rNeg     . . .     Faith    .   p - +0 scale mail
rPois    .         Spirit   .   g - +0 helmet
rElec    .         Reflect  +   (no cloak)
rCorr    .         Harm     .   (no gloves)
MR       .....                  (no barding)
Stlth    ..........             j - +3 amulet of reflection
HPRegen  0.22/turn              (no ring)
MPRegen  0.11/turn              (no ring)

@: about to teleport, marked, stab, very quick
A: large, hooves 3, deformed body, speed 2, tough skin 3
a: Heroism, Renounce Religion


You were on level 6 of the Dungeon.
You worshipped Okawaru.
Okawaru was pleased with you.
You were near starving.

You visited 1 branch of the dungeon, and saw 7 of its levels.

You collected 216 gold pieces.

Inventory:

Hand Weapons
 a - a +1 shortbow
 b - a +1 trident (weapon)
 k - a +0 short sword
 y - a +0 mace
Missiles
 m - 11 poisoned darts (quivered)
 Q - 8 arrows
Armour
 c - a +0 leather armour
 g - a +0 helmet (worn)
 p - a +0 scale mail (worn)
 B - a cursed +0 leather armour
Jewellery
 j - a +3 amulet of reflection (around neck)
 l - an uncursed amulet of rage
 x - an uncursed amulet of magic regeneration {unknown}
 C - a +5 ring of dexterity {unknown}
 D - a +3 ring of dexterity {unknown}
Wands
 h - a wand of random effects (12)
 i - a wand of acid (10)
Scrolls
 n - 2 scrolls of noise {unknown}
 r - a scroll of enchant weapon
 s - a scroll of amnesia
 t - a scroll of teleportation
 v - 2 scrolls of remove curse
Potions
 d - 2 potions of degeneration
 o - a potion of cancellation {unknown}
 u - a potion of might {unknown}
 w - a potion of flight {unknown}
 A - a potion of haste
Comestibles
 f - 16 rations


   Skills:
 + Level 7.2 Fighting
 + Level 4.9 Polearms
 + Level 10.5 Bows
 - Level 1.4 Dodging
 - Level 0.5 Stealth


You had 7 spell levels left.
You didn't know any spells.
Your spell library contained the following spells:

 Spells                   Type           Power        Failure   Level  Hunger
 Magic Dart               Conj           #...         80%         1    ##.....
 Blink                    Tloc           N/A          91%         2    ###....
 Call Imp                 Summ           #.......     91%         2    ###....
 Slow                     Hex            #.......     91%         2    ###....
 Conjure Flame            Conj/Fire      #.......     99%         3    ####...
 Mephitic Cloud           Conj/Pois/Air  #.......     99%         3    ####...


Dungeon Overview and Level Annotations

Branches:
Dungeon (7/15)             Temple (0/1) D:6

Altars:
Gozag
Hepliaklqana
Okawaru
Ru
Uskayaw
Vehumet
Yredelemnul

Shops:
D:4 =   D:6 %

Annotations:
D:2 Sigmund
D:4 2 runed translucent doors, Thantalas's ghost, amateur DEFE
D:5 2 transporters, Prakerore's ghost, amateur DECj
D:6 2 transporters, Harold


Innate Abilities, Weirdness & Mutations

You have hooves in place of feet.
Armour fits poorly on your strangely shaped body.
You cover ground very quickly.
You have extremely tough skin. (AC +3)


Message History

You feel ready to backstab. Harold hits you with a +0 hand axe!
It was a potion of curing.
You feel better. Harold hits you but does no damage.
You hit Harold but do no damage. You kick Harold, but do no damage.
Harold is heavily wounded.
Harold hits you with a +0 hand axe.
You barely miss Harold.
Harold is heavily wounded.
You block Harold's attack.
You completely miss Harold. You kick Harold!
Harold is heavily wounded.
Harold hits you with a +0 hand axe!
* * * LOW HITPOINT WARNING * * *
You barely miss Harold. You kick Harold.
Harold is severely wounded.
Harold hits you with a +0 hand axe.
* * * LOW HITPOINT WARNING * * *
As you read the scroll of teleportation, it crumbles to dust.
You feel strangely unstable. Harold hits you with a +0 hand axe!
You die...

##..## #.#......................
#....# #..........######.......#
#..#.# ######..#.....###...#.#..
...#.#### ##.#.###.......#.##.
##.#....### #....#####.........
##.####...## ##.#.#.............
##.######..#####.....##...#......
.......###...#......#.)#.#.....##
<......# ###...@@...#....#..#..#
.......######........#....##...#
.........)...<)[).......>......#
.......#####.........##....#..##
.(.....# #........#..#....#.#
.......# ###.#..#......#.#..#.###
.......###...####.....#...##.....
...>...#.<.### #####........##[.
######...### #...###.###..


You could see Harold.

Vanquished Creatures
  Edmund (D:5)
  An orc warrior (D:5)
  A phantom (D:6)
  A necrophage (D:6)
  3 ogres
  A centaur (D:7)
  A bullfrog (D:6)
  5 crimson imps
  A bullfrog zombie (D:6)
  2 centaur zombies
  3 hounds
  2 orc priests
  2 worker ants
  Natasha (thrice) (D:2)
  An iguana (D:5)
  5 orc wizards
  A worker ant zombie (D:5)
  Robin (D:1)
  4 gnolls
  12 adders
  A shadow imp (D:6)
  4 oozes
  2 adder zombies (D:6)
  4 leopard geckos
  13 orcs
  4 bats
  3 giant cockroaches
  14 goblins
  11 hobgoblins
  10 jackals
  3 quokkas
  A ball python (D:1)
  6 frilled lizards
  6 kobolds
  A leopard gecko skeleton (D:5)
  8 rats
142 creatures vanquished.

Notes
Turn   | Place    | Note
-------+----------+-------------------------------------------
     0 | D:1      | mortelune the Centaur Hunter began the quest for the Orb.
     0 | D:1      | Reached XP level 1. HP: 17/17 MP: 1/1
   117 | D:1      | Reached XP level 2. HP: 25/25 MP: 2/2
   353 | D:1      | Reached skill level 6 in Bows
   353 | D:1      | Reached XP level 3. HP: 30/30 MP: 3/3
   447 | D:1      | You fall into a shaft and drop 1 floor!
   475 | D:2      | Noticed Natasha
  1350 | D:2      | Killed Natasha
  1350 | D:2      | Reached XP level 4. HP: 20/38 MP: 4/4
  1359 | D:2      | Noticed Natasha
  1534 | D:2      | Noticed Robin
  1554 | D:1      | Killed Robin
  1755 | D:2      | Killed Natasha
  1934 | D:2      | Noticed Natasha
  2100 | D:2      | Killed Natasha
  2100 | D:2      | Reached skill level 7 in Bows
  2100 | D:2      | Reached XP level 5. HP: 11/46 MP: 5/5
  2399 | D:2      | Noticed Sigmund
  2578 | D:2      | Found an iron altar of Okawaru.
  2597 | D:2      | Became a worshipper of Warmaster Okawaru
  2758 | D:2      | Found a radiant altar of Vehumet.
  3577 | D:3      | You fall into a shaft and drop 1 floor!
  3642 | D:4      | Noticed a phantom
  3654 | D:4      | Noticed a +0 hand axe
  3655 | D:4      | Found a hide-covered altar of Uskayaw.
  3655 | D:4      | Noticed a +0 hand axe
  5014 | D:3      | Reached XP level 6. HP: 53/53 MP: 6/6
  5682 | D:3      | Reached skill level 1 in Polearms
  5855 | D:4      | Found an opulent altar of Gozag.
  6067 | D:3      | Reached skill level 8 in Bows
  6215 | D:4      | Found a runed translucent door.
  6231 | D:4      | Noticed Thantalas's ghost (amateur DEFE)
  6277 | D:4      | Reached skill level 5 in Fighting
  6457 | D:4      | Found Jided's Jewellery Shop.
  6487 | D:4      | Found a runed translucent door.
  6516 | D:5      | Entered Level 5 of the Dungeon
  6965 | D:5      | Noticed Edmund
  7005 | D:5      | Killed Edmund
  7005 | D:5      | Reached XP level 7. HP: 42/61 MP: 7/7
  7236 | D:5      | Found a transporter.
  7236 | D:5      | Noticed Prakerore's ghost (amateur DECj)
  7390 | D:5      | Reached * piety under Okawaru
  7550 | D:4      | Reached skill level 9 in Bows
  7778 | D:5      | Found a transporter.
  7858 | D:5      | Found a sacrificial altar of Ru.
  7859 | D:5      | Found a basalt altar of Yredelemnul.
  8056 | D:6      | Found a staircase to the Ecumenical Temple.
  8316 | D:6      | Reached XP level 8. HP: 39/70 MP: 8/8
  8518 | D:6      | Found a transporter.
  8530 | D:6      | Found Tast's Food Shop.
  8624 | D:6      | Noticed a kobold demonologist
  8639 | D:6      | Found a transporter.
  8681 | D:6      | Reached skill level 10 in Bows
  8784 | D:6      | Found a hazy altar of Hepliaklqana.
  8966 | D:6      | Reached ** piety under Okawaru
  9581 | D:7      | Noticed Harold
 10107 | D:6      | Slain by Harold

Levels and vault maps discovered:
D:1:      dpeg_arrival_renting, layout_basic, serial_park_tiny_pond
D:2:      layout_loops_cross, vehumet_crystals, nicolae_overflow_crystal_walls,
          first_ration, serial_glass, glass_columns_c, glass_columns_a,
          glass_columns_a, glass_columns_a, glass_columns_a, glass_columns_a,
          glass_columns_c, glass_columns_c, glass_columns_a, glass_columns_a,
          glass_columns_c, glass_columns_b, glass_columns_a, glass_columns_a,
          uniq_robin, uniq_sigmund, uniq_natasha
D:3:      layout_basic
D:4:      layout_cave_pools, nicolae_gozag_seed_capital,
          dancing_weapons_uskayaw, serial_shops, shop_statue,
          ebering_ghost_sewer_f
D:5:      layout_basic, gammafunk_temple_overflow_pools,
          gammafunk_ghost_mausoleum, kennysheep_generic_room_10, uniq_edmund
D:6:      gammafunk_wand_slinger, layout_rooms, kennysheep_mini_moat,
          minmay_temple_entry_mini_moons, serial_glass, glass_columns_a,
          glass_columns_c, serial_shops, shop_fountains
D:7:      layout_loops_cross, marbit_many_paths, cheibrodos_ashenzari_chains,
          grunt_livestock, kennysheep_cross_bottleneck, uniq_harold

Skill      XL: |  1  2  3  4  5  6  7  8 |
---------------+-------------------------+-----
Bows           | 6 7 8 9 10 | 10.5
Fighting       | 3 4 5 6 7 |  7.2
Polearms       | 2 3 4 |  4.9
Dodging        | |  1.4
Stealth        | |  0.5

Action                   |  1- 3 |  4- 6 |  7- 9 || total
-------------------------+-------+-------+-------++-------
Melee: Short sword       |    41 |    63 |       ||   104
       Kick              |     6 |    44 |    54 ||   104
       Trident           |       |   249 |   220 ||   469
       Mace              |       |    69 |       ||    69
 Fire: Shortbow          |    63 |    53 |    23 ||   139
Throw: Dart              |     9 |    16 |    38 ||    63
Invok: Heroism           |       |       |     2 ||     2
  Use: Scroll            |     1 |     4 |     3 ||     8
       Potion            |       |     3 |     2 ||     5
  Eat: Ration            |       |     2 |       ||     2
       Chunk             |       |     9 |     8 ||    17
Armor: Leather armour    |    27 |    43 |       ||    70
       Scale mail        |       |   134 |   104 ||   238
Dodge: Dodged            |    30 |   187 |    57 ||   274
Block: Other             |       |    13 |    34 ||    47
       Reflection        |       |       |     2 ||     2

Table legend:
 A = Non-vault XP
 B = Vault XP
 C = Vault XP percentage of total XP
 D = Non-vault monster count
 E = Vault monster count
 F = Vault count percentage of total count
                 A         B        C        D         E       F
            +---------+---------+-------+---------+---------+-------
      Total |    2244 |     285 |  11.3 |     127 |      15 |  10.6
            +---------+---------+-------+---------+---------+-------
        D:1 |      76 |      17 |  18.3 |      27 |       2 |   6.9
        D:2 |      95 |      53 |  35.8 |       9 |      10 |  52.6
        D:3 |     289 |       0 |   0.0 |      38 |       0 |   0.0
        D:4 |     214 |       0 |   0.0 |       8 |       0 |   0.0
        D:5 |     329 |     215 |  39.5 |      15 |       3 |  16.7
        D:6 |     965 |       0 |   0.0 |      25 |       0 |   0.0
        D:7 |     276 |       0 |   0.0 |       5 |       0 |   0.0
            +---------+---------+-------+---------+---------+-------
